Construct Section Command Post
Selects Indian Artillery Battlegroup
Construct Field Infirmary
Construct Platoon Command Post
Selects Gurkha Rifles Section
6-pounder Anti-tank Gun Team
6-pounder Anti-tank Gun Team
Selects Volunteer Infantry
Construct Company Command Post
Selects Towed ML 4.2-inch Heavy Mortar
Selects Off-map Airburst Barrage
Unlock M3 Grant Medium Tanks
Selects Perimeter Monitor
Unlock Towed 17-pounder Anti-tank Guns